 Dungeon Crawl Stone Soup version 0.25-a0-339-gb37b713 (webtiles) character file.

Game seed: 4396942939340014025, levelgen mode: deterministic

24864 Birdy the Nimble (level 13, -9/77 HPs)
             Began as a Halfling Gladiator on Dec 28, 2019.
             Was an Initiate of Gozag.
             Hit by a large rock thrown by a stone giant (50 damage)
             ... in a volcano.
             The game lasted 00:53:40 (18210 turns).

Birdy the Nimble (Halfling Gladiator)              Turns: 18210, Time: 00:53:41

Health: -9/77      AC: 10    Str: 20    XL:     13   Next: 46%
Magic:  17/17      EV: 37    Int:  9    God:    Gozag
Gold:   279        SH:  0    Dex: 29    Spells: 15/18 levels left

rFire    + + +     SeeInvis .   l - +1 long sword (slice)
rCold    + . .     Gourm    .   (shield restricted)
rNeg     . . .     Faith    .   I - +1 leather armour {rF+}
rPois    +         Spirit   .   H - +2 hat {Int+3}
rElec    +         Reflect  .   (no cloak)
rCorr    +         Harm     .   D - +2 pair of gloves {Dex+3}
MR       .....                  (no boots)
Stlth    ++++......             (no amulet)
HPRegen  0.22/turn              y - ring of protection from fire
MPRegen  0.15/turn              v - ring of stealth

@: mighty, agile, resistant, gold aura, hasted, very quick
A: small, mutation resistance 1
a: Potion Petition, Call Merchant, Bribe Branch, Renounce Religion


You were in a volcano.
You worshipped Gozag.
Gozag was aware of your devotion.
You were not hungry.

You visited 3 branches of the dungeon, and saw 17 of its levels.
You also visited: Sewer and Volcano.

You collected 3540 gold pieces.
You spent 719 gold pieces at shops.
You paid 2542 gold pieces to Gozag.

Inventory:

Hand Weapons
 a - a +0 long sword of flaming
 l - a +1 long sword of slicing (weapon)
 q - a +3 vampiric short sword
 t - a +2 scimitar of pain
Missiles
 i - 7 curare-tipped darts
 j - 6 atropa-tipped darts
 k - 35 poisoned darts
 m - 9 boomerangs (quivered)
Armour
 C - the +4 ring mail of Failure {rElec rC++ rN+ Int-4}
   (You bought it in a shop on level 9 of the Dungeon)

   It affects your intelligence (-4).
   It greatly protects you from cold.
   It insulates you from electricity.
   It protects you from negative energy.
 D - a +2 pair of gloves of dexterity (worn)
 H - a +2 hat of intelligence (worn)
 I - a +1 leather armour of fire resistance (worn)
Magical Staves
 p - an uncursed staff of power
 r - an uncursed staff of fire
 G - an uncursed staff of earth
Jewellery
 c - an uncursed ring of positive energy
 u - an uncursed ring of protection from magic
 v - a ring of stealth (right hand)
 y - a ring of protection from fire (left hand)
Wands
 s - a wand of digging (1)
 w - a wand of polymorph (9)
 F - a wand of iceblast (12)
 K - a wand of flame (15)
Scrolls
 b - a scroll of silence
 d - 2 scrolls of enchant weapon
 e - 2 scrolls of enchant armour
 g - 9 scrolls of remove curse
 n - 5 scrolls of teleportation
 o - 2 scrolls of fear
 x - 3 scrolls of fog
 B - 2 scrolls of immolation
 J - a scroll of identify
Potions
 h - 6 potions of brilliance
 z - 2 potions of magic
 A - a potion of flight
Comestibles
 f - 19 rations


   Skills:
 - Level 3.0 Fighting
 + Level 13.9 Long Blades
 - Level 2.0 Throwing
 - Level 7.0 Armour
 + Level 14.9 Dodging
 + Level 3.1 Spellcasting
 + Level 3.4 Necromancy


You had 15 spell levels left.
You knew the following spells:

 Your Spells              Type           Power        Failure   Level  Hunger
a - Regeneration          Chrm/Necr      #.........   45%         3    ####...

Your spell library contained the following spells:

 Spells                   Type           Power        Failure   Level  Hunger
 Magic Dart               Conj           #...         34%         1    ##.....
 Blink                    Tloc           N/A          45%         2    ###....
 Call Imp                 Summ           #.......     45%         2    ###....
 Slow                     Hex            #.......     45%         2    ###....
 Conjure Flame            Conj/Fire      #.......     71%         3    ####...
 Mephitic Cloud           Conj/Pois/Air  #.......     71%         3    ####...
 Ozocubu's Armour         Chrm/Ice       #.......     71%         3    ####...
 Ice Form                 Ice/Tmut       #.......     98%         4    #####..
 Petrify                  Tmut/Erth      #.......     98%         4    #####..
 Borgnjor's Vile Clutch   Necr/Erth      #.........   99%         5    ######.
 Iskenderun's Battlesphe  Conj/Chrm      #.......     100%        5    ######.
 Metabolic Englaciation   Hex/Ice        #.........   100%        5    ######.
 Freezing Cloud           Conj/Ice/Air   #.........   100%        6    #######
 Ozocubu's Refrigeration  Ice            #.........   100%        6    #######
 Simulacrum               Ice/Necr       #.........   100%        6    #######


Dungeon Overview and Level Annotations

Branches:
Dungeon (11/15)            Temple (1/1) D:7            Lair (5/6) D:10
 Shoals (0/4) Lair:2       Spider (0/4) Lair:2          Orc (0/2) D:9
  Sewer (visited)         Volcano (1/1)
  Slime: Lair:5-6

Altars:
Ashenzari
Cheibriados
Dithmenos
Elyvilon
Fedhas
Gozag
Hepliaklqana
Kikubaaqudgha
Makhleb
Nemelex Xobeh
Okawaru
Qazlal
Ru
Sif Muna
Trog
Uskayaw
Vehumet
Wu Jian
Xom
Yredelemnul
Zin
The Shining One

Shops:
D:9 [   D:10 }   D:11 ?(   Lair:4 [

Annotations:
D:11 Gastronok


Innate Abilities, Weirdness & Mutations

You are small and have problems with some larger weapons.
You are somewhat resistant to further mutation.


Message History

You hit the efreet.
The efreet is heavily wounded.
You hit the efreet.
The efreet is heavily wounded.
The efreet gestures at you.
The fireball explodes!
The fireball engulfs you. You resist.
The fireball engulfs the efreet.
The efreet completely resists.
You hear a shout!
You slash the efreet!
The efreet is severely wounded.
You slice the efreet!!
You kill the efreet!
You now have 279 gold pieces (gained 15).
You see here a +1 scimitar of flaming.
You open the door.
A stone giant comes into view.
The stone giant throws a large rock.
The large rock hits you!!!
Ouch! That really hurt!
You die...
Your body crumbles into a pile of gold.

$ #.# #.≈≈≈≈≈≈≈≈§§ $
#.# $ $ #.≈≈≈≈§≈≈§§§
$ $ #.# $ $
#.≈≈≈§§≈≈≈≈ #.#
#####.≈≈≈≈§≈≈ #.#
... #.≈≈≈§≈≈§
###$###C'###.≈≈≈≈≈≈≈
#..)..#....#.≈≈≈≈≈≈≈
#.8_8.#..∩.#.≈≈≈≈§≈≈
+.....@....#.§§§≈§§
############


You could see a stone giant.

Vanquished Creatures
  A hydra (Lair:2)
  3 two-headed ogres
  An oklob plant (Lair:2)
  An ugly thing (D:11)
  2 black mambas
  A gargoyle (Volcano)
  A rime drake (Lair:3)
  2 spiny frogs
  An efreet (Volcano)
  2 trolls
  7 hippogriffs
  13 blink frogs
  A meliai zombie (D:11)
  2 redbacks (Lair:2)
  4 wraiths
  A human (D:7)
  A fire elemental (Volcano)
  A basilisk (D:10)
  A fire bat (Volcano)
  29 yaks
  2 hungry ghosts
  Grum (D:10)
  4 hogs (D:7)
  10 water moccasins
  9 porcupines
  Purgy (Sewer)
  A sky beast (D:10)
  2 orc warriors
  2 ice beasts
  A black bear (Lair:1)
  2 wolves (D:10)
  5 phantoms
  6 ogres
  A necrophage (D:11)
  7 crocodiles
  9 centaurs
  3 big kobolds
  Blork the orc (D:6)
  8 bullfrogs
  An earth elemental (Volcano)
  A scorpion (D:4)
  3 troll zombies (D:9)
  5 wights (D:8)
  3 howler monkeys
  An electric eel (Lair:2)
  A lava snake (Volcano)
  3 bullfrog zombies
  6 crimson imps
  A centaur zombie (D:8)
  4 human zombies (D:8)
  A centaur skeleton (D:6)
  4 jellies
  5 orc wizards
  2 human skeletons (D:8)
  5 orc priests
  2 hounds
  3 gnoll shamans
  4 iguanas
  8 worker ants
  3 ogre zombies (D:9)
  2 mummies (D:8)
  A worker ant zombie (D:9)
  13 gnolls
  12 adders
  A shadow imp (D:7)
  An ooze (D:4)
  An adder skeleton (D:9)
  4 worms
  A leopard gecko (D:4)
  30 orcs
  3 ball pythons
  7 bats
  7 giant cockroaches
  8 hobgoblins
  9 jackals
  3 quokkas
  9 frilled lizards
  4 goblins
  A goblin skeleton (D:9)
  4 hobgoblin zombies (D:9)
  20 kobolds
  A leopard gecko skeleton (D:5)
  An orc skeleton (D:9)
  15 orc zombies
  A quokka skeleton (D:8)
  10 rats
  A plant (Lair:2)
386 creatures vanquished.

Vanquished Creatures (collateral kills)
  2 oklob plants (Lair:2)
2 creatures vanquished.

Vanquished Creatures (others)
  A bush (D:10)
  3 fungi
  5 plants (D:10)
9 creatures vanquished.

Grand Total: 397 creatures vanquished

Notes
Turn   | Place    | Note
-------+----------+-------------------------------------------
     0 | D:1      | Birdy the Halfling Gladiator began the quest for the Orb.
     0 | D:1      | Reached XP level 1. HP: 14/14 MP: 1/1
   156 | D:1      | Reached XP level 2. HP: 19/19 MP: 2/2
   435 | D:1      | Reached skill level 1 in Armour
   597 | D:1      | Reached XP level 3. HP: 14/24 MP: 3/3
  1174 | D:2      | Found a bloodstained altar of Trog.
  1882 | D:3      | Reached XP level 4. HP: 10/30 MP: 4/4
  2352 | D:3      | Noticed an orc warrior
  2644 | D:2      | Found a burning altar of Makhleb.
  2665 | D:3      | HP: 1/30 [orc warrior/+0 dire flail (17)]
  3078 | D:3      | Killed an orc warrior
  3078 | D:3      | Reached skill level 4 in Dodging
  3078 | D:3      | Reached XP level 5. HP: 14/36 MP: 5/5
  3597 | D:4      | Reached XP level 6. HP: 37/41 MP: 6/6
  3894 | D:4      | Found a hazy altar of Hepliaklqana.
  3965 | D:4      | Reached skill level 5 in Dodging
  3965 | D:4      | Reached XP level 7. HP: 34/46 MP: 7/7
  4211 | D:4      | Found a shadowy altar of Dithmenos.
  4245 | D:4      | Found a burning altar of Makhleb.
  4634 | D:5      | Entered Level 5 of the Dungeon
  4764 | D:5      | Reached skill level 5 in Long Blades
  4977 | D:5      | Found a burning altar of Makhleb.
  4989 | D:5      | Reached XP level 8. HP: 52/52 MP: 8/8
  5073 | D:5      | Reached skill level 6 in Dodging
  5114 | D:5      | Found a blossoming altar of Fedhas.
  5114 | D:5      | Found a glowing golden altar of the Shining One.
  5741 | D:6      | Reached skill level 5 in Armour
  5755 | D:6      | Found a sparkling altar of Nemelex Xobeh.
  5798 | D:6      | Found a white marble altar of Elyvilon.
  5891 | D:6      | Found a glowing drain.
  5909 | Sewer    | Entered a sewer
  5941 | Sewer    | Noticed Purgy
  5948 | Sewer    | Killed Purgy
  6165 | D:6      | Reached skill level 7 in Dodging
  6210 | D:6      | Found a sparkling altar of Nemelex Xobeh.
  6581 | D:6      | Reached XP level 9. HP: 56/56 MP: 9/9
  6638 | D:6      | Noticed Blork the orc
  6654 | D:6      | Killed Blork the orc
  6664 | D:6      | Found a shattered altar of Ashenzari.
  6848 | D:7      | Found an opulent altar of Gozag.
  6928 | D:7      | Became a worshipper of Gozag Ym Sagoz the Greedy
  6943 | D:7      | Reached skill level 8 in Dodging
  7086 | D:7      | Found a staircase to the Ecumenical Temple.
  7153 | D:7      | Reached skill level 9 in Dodging
  7347 | D:7      | Noticed an angel
  7348 | D:7      | Found a glowing silver altar of Zin.
  7419 | D:7      | Reached XP level 10. HP: 27/63 MP: 10/10
  7886 | Temple   | Entered the Ecumenical Temple
  8096 | D:8      | Reached skill level 10 in Dodging
  9270 | D:8      | Found a basalt altar of Yredelemnul.
  9291 | D:8      | Reached skill level 10 in Long Blades
  9709 | D:8      | Reached skill level 11 in Dodging
  9850 | D:9      | Found a burning altar of Makhleb.
 10138 | D:9      | Found a staircase to the Orcish Mines.
 10181 | D:9      | Reached XP level 11. HP: 34/67 MP: 11/11
 10214 | D:9      | HP: 3/67 [troll zombie (10)]
 10436 | D:9      | Noticed a two-headed ogre
 10469 | D:9      | Killed a two-headed ogre
 11212 | D:9      | Bought a bloodstained ring mail for 270 gold pieces
 11212 | D:9      | Bought a pair of embroidered gloves for 225 gold pieces
 11233 | D:9      | Identified the +4 ring mail of Failure {rElec rC++ rN+
                  | Int-4} (You bought it in a shop on level 9 of the Dungeon)
 11240 | D:10     | Entered Level 10 of the Dungeon
 11310 | D:10     | Reached skill level 12 in Dodging
 11385 | D:10     | Noticed a two-headed ogre
 11400 | D:10     | Killed a two-headed ogre
 11658 | D:10     | Found a staircase to the Lair.
 11753 | D:10     | Noticed Grum
 11779 | D:10     | Killed Grum
 12623 | D:10     | Reached skill level 13 in Dodging
 12623 | D:10     | Reached XP level 12. HP: 17/72 MP: 12/12
 12858 | D:10     | Noticed a two-headed ogre
 12874 | D:10     | Killed a two-headed ogre
 13900 | D:11     | Found Recs's Weapon Shop.
 13930 | D:11     | Found Deta's Magic Scroll Shop.
 14047 | D:11     | Noticed Gastronok
 14049 | D:11     | Noticed Gastronok
 14049 | D:11     | Gastronok changed into Gastronok the shard shrike
 14386 | Lair:1   | Entered Level 1 of the Lair of Beasts
 15597 | Lair:2   | Noticed a four-headed hydra
 15607 | Lair:2   | Killed a one-headed hydra
 15607 | Lair:2   | Reached skill level 14 in Dodging
 15783 | Lair:2   | Found a hole to the Spider Nest.
 16032 | Lair:2   | Identified Vuriry's Handbook of Earthen Augmentations
 16096 | Lair:2   | Learned a level 3 spell: Regeneration
 16389 | Lair:2   | Reached skill level 1 in Necromancy
 16412 | Lair:2   | Found a staircase to the Shoals.
 16779 | Lair:3   | Reached skill level 1 in Spellcasting
 16810 | Lair:3   | Reached XP level 13. HP: 77/77 MP: 14/14
 17192 | Lair:3   | You fall into a shaft and drop 2 floors!
 17351 | Lair:4   | Identified a scroll of acquirement
 17513 | Lair:4   | Bought a +1 leather armour of fire resistance for 224 gold
                  | pieces
 17930 | Lair:4   | Found a dark tunnel.
 17935 | Volcano  | Entered a volcano
 18146 | Volcano  | Found a burning altar of Makhleb.
 18210 | Volcano  | Noticed a stone giant
 18210 | Volcano  | Hit by a large rock thrown by a stone giant

Levels and vault maps discovered:
D:1:      lightli_arrival_noodles, layout_basic, minmay_tetromino_s2
D:2:      lemuel_upstairs_altar, layout_basic, bloody_trog,
          hangedman_glass_teeth
D:3:      layout_basic
D:4:      layout_loops_corners, nicolae_overflow_hidden_temple, kennysheep_mini,
          lemuel_doored_altar
D:5:      layout_cave_pods, chequers_temple_overflow_statue_of_worship,
          first_ration, basic_altar
D:6:      layout_basic, lemuel_round_altar, nemelex_xobeh_ov_fountains_minmay,
          lemuel_crystal_altar, portal_sewer_entry_a,
          nemelex_lonely_heart_becter, uniq_blork_the_orc
D:7:      layout_loops_cross, zin_angel, grunt_gozag_statues, temple_statues,
          grunt_livestock, minmay_misc_feat_diagonals
D:8:      layout_basic, lemuel_mausoleum_altar_yredelemnul,
          roderic_serpentine_path
D:9:      layout_big_octagon, zombieorc1_lemuel, serial_park_tiny_2,
          bloody_makhleb
D:10:     layout_layer_cave, minmay_lair_entry_grove,
          chequers_serial_rivers_marsh, uniq_grum
D:11:     layout_grid_maze, enter_bailey_6, serial_shops, shop,
          nicolae_shop_crystal, kennysheep_small_square, uniq_gastronok
Temple:   compressed_dpeg_circular_temple
Lair:1:   layout_cave_pods
Lair:2:   layout_hall_layers, minmay_shoals_entry_hut, spider_nest_entry_a,
          minmay_lair_oklob_chamber, lemuel_fruit_fields, grunt_megastairs_5
Lair:3:   layout_regular_city
Lair:4:   layout_gridlike, enter_volcano_4, chequers_serial_rivers_micro_d,
          grunt_megastairs_1, lemuel_fruit_tree, serial_bayou_shore_a,
          serial_bayou_shore_b
Lair:5:   layout_regular_city, minmay_slime_entry_eyes, serial_bayou_shore_b
Volcano:  volcano_lake [vl_original]

Skill      XL: |  1  2  3  4  5  6  7  8  9 10 11 12 13 |
---------------+----------------------------------------+-----
Fighting       | 2 3 |  3.0
Armour         | 1 2 3 4 6 7 |  7.0
Long Blades    | 4 5 6 8 10 12 13 | 13.9
Dodging        | 4 5 7 9 11 13 14 | 14.9
Necromancy     | 1 3 |  3.4
Spellcasting   | 1 3 |  3.1
Throwing       | |  2.0

Action                   |  1- 3 |  4- 6 |  7- 9 | 10-12 | 13-15 || total
-------------------------+-------+-------+-------+-------+-------++-------
Melee: Long sword        |   113 |    72 |     3 |   625 |    15 ||   828
       Dagger            |       |     3 |       |       |       ||     3
       Short sword       |       |       |   470 |  1089 |   416 ||  1975
       Scimitar          |       |       |       |       |     9 ||     9
Throw: Dart              |       |    23 |    49 |    30 |       ||   102
       Throwing net      |       |     4 |       |       |       ||     4
       Boomerang         |       |    26 |    55 |   102 |     3 ||   186
Invok: Call Merchant     |       |       |       |     2 |     1 ||     3
       Potion Petition   |       |       |       |       |     1 ||     1
Evoke: Wand              |       |       |       |     2 |       ||     2
  Use: Scroll            |     3 |     5 |     4 |    13 |     2 ||    27
       Potion            |       |       |     5 |    17 |     3 ||    25
 Stab: Sleeping          |     1 |     1 |       |     4 |     3 ||     9
       Held in net/web   |       |     1 |       |       |       ||     1
       Distracted        |       |       |     1 |     6 |     2 ||     9
  Eat: Chunk             |     1 |     1 |     6 |       |       ||     8
       Ration            |     1 |     1 |     2 |    11 |     2 ||    17
Armor: Leather armour    |    28 |    20 |    60 |    40 |    21 ||   169
       Ring mail         |       |       |       |   183 |    31 ||   214
Dodge: Dodged            |   100 |    96 |   408 |  1553 |   383 ||  2540
       Rpst.: Long sword |    33 |    32 |     1 |   128 |     3 ||   197

Table legend:
 A = Non-vault XP
 B = Vault XP
 C = Vault XP percentage of total XP
 D = Non-vault monster count
 E = Vault monster count
 F = Vault count percentage of total count
                 A         B        C        D         E       F
            +---------+---------+-------+---------+---------+-------
      Total |   25653 |    9867 |  27.8 |     293 |      94 |  24.3
            +---------+---------+-------+---------+---------+-------
        D:1 |      34 |       1 |   2.9 |      22 |       1 |   4.3
        D:2 |      29 |       0 |   0.0 |      14 |       0 |   0.0
        D:3 |     177 |       0 |   0.0 |      14 |       0 |   0.0
        D:4 |     382 |       0 |   0.0 |      28 |       0 |   0.0
        D:5 |     587 |       0 |   0.0 |      25 |       0 |   0.0
        D:6 |     759 |     109 |  12.6 |      18 |       6 |  25.0
        D:7 |    1380 |     955 |  40.9 |      17 |       5 |  22.7
        D:8 |    1553 |     706 |  31.3 |      21 |      12 |  36.4
        D:9 |    1779 |     679 |  27.6 |      22 |      28 |  56.0
       D:10 |    5040 |    2225 |  30.6 |      40 |      15 |  27.3
       D:11 |    1690 |    1035 |  38.0 |      14 |       3 |  17.6
     Lair:1 |    1462 |       0 |   0.0 |       8 |       0 |   0.0
     Lair:2 |    3757 |    1703 |  31.2 |      16 |       6 |  27.3
     Lair:3 |    3796 |       0 |   0.0 |      16 |       0 |   0.0
     Lair:4 |    2894 |     973 |  25.2 |      15 |       4 |  21.1
     Lair:5 |     334 |       0 |   0.0 |       3 |       0 |   0.0
      Sewer |       0 |     161 | 100.0 |       0 |       8 | 100.0
    Volcano |       0 |    1320 | 100.0 |       0 |       6 | 100.0
            +---------+---------+-------+---------+---------+-------
